 Dungeon Sprint DCSS version 0.18-a0-1782-gb76a692 (webtiles) character file.

10383 Kidiri the Unseen (level 11, -1/62 (63) HPs)
             Began as a Spriggan Enchanter on Apr 17, 2016.
             Was the Champion of Dithmenos.
             Slain by the 27-headed Lernaean hydra (12 damage)
             ... in the Dungeon (Sprint III: "The Ten Rune Challenge").
             The game lasted 00:16:30 (1836 turns).

Kidiri the Unseen (Spriggan Enchanter)              Turns: 1836, Time: 00:16:31

HP:   -1/62 (63)    AC:  6    Str:  4    XL:     11   Next: 35%
MP:   25/29         EV: 31    Int: 19    God:    Dithmenos [******]
Gold: 32            SH:  0    Dex: 18    Spells: 5 memorised, 24 levels left

rFire  . . .     SeeInvis +     a - +1 dagger
rCold  . . .     Gourm    .     b - +1 robe
rNeg   . . .     Faith    .     (shield restricted)
rPois  +         Spirit   .     (helmet restricted)
rElec  .         Dismiss  .     e - +0 cloak
rCorr  .         Reflect  .     (gloves unavailable)
SustAt .         Harm     .     (boots unavailable)
MR     +....     NoTele   +     (no amulet)
Stlth  ++++++++++               (no ring)
                                (no ring)

@: wreathed by umbra, very quick, somewhat resistant to hostile enchantments,
uncannily stealthy
A: unfitting armour, horns 1, thin metallic scales 1, see invisible, herbivore
3, speed 3, poison resistance, robust 1, slow metabolism 2
a: Shadow Step, Shadow Form, Renounce Religion


You were in the Dungeon.
You worshipped Dithmenos.
Dithmenos was exalted by your worship.
You were not hungry.

You visited 1 branch You collected 32 gold pieces.

Inventory:

Hand Weapons
 a - a +1 dagger (weapon)
Missiles
 t - 10 throwing nets (quivered)
Armour
 b - a +1 robe (worn)
 e - a +0 cloak (worn)
Wands
 k - a wand of paralysis (16/24)
Scrolls
 j - a scroll of blinking
 l - a scroll of holy word
 m - 4 scrolls of remove curse
Potions
 c - a potion of berserk rage
 f - 2 potions of heal wounds
 g - a potion of haste
 h - 3 potions of magic
 i - a potion of might
 o - a potion of cure mutation
 p - a potion of flight
 r - a potion of ambrosia {unknown}
 s - a potion of curing
Comestibles
 d - a bread ration
 n - 9 fruits
 q - 26 royal jellies


   Skills:
 + Level 6.4 Fighting
 * Level 11.9 Short Blades
 + Level 5.9 Armour
 * Level 15.1 Dodging
 * Level 16.4 Stealth
 * Level 13.2 Spellcasting
 + Level 5.8 Conjurations
 + Level 10.0 Hexes
 + Level 6.3 Ice Magic
 - Level 3.0 Invocations
 + Level 7.4 Evocations


You had 24 spell levels left.
You knew the following spells:

 Your Spells              Type           Power        Failure   Level  Hunger
a - Corona                Hex            ######.      1%          1    None
b - Ensorcelled Hibernat  Hex/Ice        #####.       1%          2    None
c - Confuse               Hex            ######..     1%          3    None
d - Tukima's Dance        Hex            ######..     1%          3    None
e - Dazzling Spray        Conj/Hex       #####...     1%          3    None


Dungeon Overview and Level Annotations

Branches:
Dungeon (1/1)

Altars:
Cheibriados
Dithmenos
Elyvilon
Fedhas
Gozag
Kikubaaqudgha
Makhleb
Nemelex Xobeh
Okawaru
Pakellas
Qazlal
Ru
Sif Muna
Trog
Vehumet
Xom
Yredelemnul
Zin
The Shining One
Jiyva
Lugonu

Shops:
D :[%

Annotations:
D Lernaean hydra


Innate Abilities, Weirdness & Mutations

You are tiny and cannot use many weapons and most armour.
You have supernaturally acute eyesight.
You are a herbivore.
You cover ground extremely quickly.
You need consume almost no food.
You have a pair of small horns on your head.
You are partially covered in thin metallic scales (AC +2).
Your system is resistant to poisons.
You are robust (+10% HP).


Message History

A hydra and the Lernaean hydra come into view.
Found a decaying rune of Zot.
Aiming: Shadow Step
Press: ? - help, Dir - move target cursor, f - 27-headed Lernaean hydra
Aim: the 27-headed Lernaean hydra (resting, umbra)
You step into the 27-headed Lernaean hydra's shadow.
Unknown command.
The helpless 27-headed Lernaean hydra fails to defend itself.
You stick the 27-headed Lernaean hydra like a pincushion!!!!!
The 27-headed Lernaean hydra is almost dead.
The 27-headed Lernaean hydra bites you. x2
The 27-headed Lernaean hydra closely misses you. x2
The 27-headed Lernaean hydra bites you! x2; You emit a cloud of dark smoke.
The 27-headed Lernaean hydra bites you!!
* * * LOW HITPOINT WARNING * * *
You emit a cloud of dark smoke.
The 27-headed Lernaean hydra bites you.
* * * LOW HITPOINT WARNING * * *
The 27-headed Lernaean hydra barely misses you.
The 27-headed Lernaean hydra bites you!
You die...

♣♣.##.#####...#....))#
♣..%..##......#♣♣♣._)#
########'###### #####
#.♣♣ #♣.♣ ♣.♣♣ ######
♣♣.♣ #..≈φ# ♣.♣♣
#D§§D# ♣.♣♣ #.§@§#
♣≈.♣♣#.§§##
♣♣.♣♣.####♣♣
♣♣.♣♣...≈.♣
♣♣..♣♣♣♣♣♣.♣
♣.....§§≈≈P♣
♣.≈≈≈.§§§P.♣
♣%♣...§≈§P.♣
♣♣♣♣♣♣♣♣∩∩∩♣


You could see the 27-headed Lernaean hydra and a five-headed hydra (sleeping).

Vanquished Creatures
  Maud (D)
  Erolcha (D)
  A hydra (D)
  A death drake (D)
  A spriggan druid (D)
  A lindwurm (D)
  A deep elf mage (D)
  2 spiny frogs (D)
  A komodo dragon (D)
  3 wandering mushrooms (D)
  A queen bee (D)
  2 giant leeches (D)
  A shadow (D)
  5 redbacks (D)
  2 spriggans (D)
  2 hill giants (D)
  A spatial vortex (D)
  2 swamp drakes (D)
  A necrophage (D)
  3 two-headed ogres (D)
  A water elemental (D)
  27 killer bees (D)
  An electric eel (D)
  A jelly (D)
  Crazy Yiuf (D)
  A necromancer (D)
  A wizard (D)
  3 humans (D)
  A kobold demonologist (D)
  An ooze (D)
  3 rats (D)
  A plant (D)
75 creatures vanquished.

Vanquished Creatures (collateral kills)
  4 killer bees (D)
4 creatures vanquished.

Vanquished Creatures (others)
  2 draconian scorchers (D)
  A hydra (D)
  A yaktaur (D)
  A killer bee (D)
5 creatures vanquished.

Grand Total: 84 creatures vanquished

Notes
Turn   | Place    | Note
--------------------------------------------------------------
     0 | D        | Kidiri the Spriggan Enchanter began the quest for the Orb.
     0 | D        | Reached XP level 1. HP: 9/9 MP: 5/5
    80 | D        | Noticed Crazy Yiuf
   127 | D        | Reached skill level 1 in Fighting
   127 | D        | Reached skill level 1 in Armour
   127 | D        | Reached skill level 5 in Stealth
   127 | D        | Reached XP level 2. HP: 11/14 MP: 1/8
   140 | D        | Killed a yaktaur
   232 | D        | Killed a white draconian scorcher
   268 | D        | Learned a level 2 spell: Ensorcelled Hibernation
   271 | D        | Killed a white draconian scorcher
   294 | D        | Killed Crazy Yiuf
   294 | D        | Reached skill level 5 in Dodging
   294 | D        | Reached skill level 6 in Stealth
   294 | D        | Reached XP level 3. HP: 18/18 MP: 5/10
   321 | D        | Gained mutation: You are robust (+10% HP). [potion of mutation]
   321 | D        | Gained mutation: You are partially covered in thin metallic scales (AC +2). [potion of mutation]
   321 | D        | Gained mutation: You have sharp toenails. [potion of mutation]
   322 | D        | Gained mutation: Your system is resistant to poisons. [potion of mutation]
   322 | D        | Lost mutation: You have sharp toenails. [potion of mutation]
   322 | D        | Gained mutation: You have a pair of small horns on your head. [potion of mutation]
   345 | D        | Learned a level 3 spell: Confuse
   349 | D        | Learned a level 3 spell: Dazzling Spray
   349 | D        | Noticed a water elemental
   352 | D        | Killed a water elemental
   352 | D        | Reached skill level 7 in Stealth
   352 | D        | Reached skill level 5 in Spellcasting
   352 | D        | Reached skill level 1 in Ice Magic
   352 | D        | Reached XP level 4. HP: 25/25 MP: 12/12
   358 | D        | Learned a level 3 spell: Tukima's Dance
   366 | D        | Noticed a shadow
   368 | D        | Killed a shadow
   368 | D        | Reached skill level 5 in Short Blades
   368 | D        | Reached skill level 8 in Stealth
   368 | D        | Reached skill level 1 in Conjurations
   368 | D        | Reached skill level 5 in Hexes
   368 | D        | Reached XP level 5. HP: 29/29 MP: 13/15
   372 | D        | Reached skill level 9 in Stealth
   372 | D        | Reached XP level 6. HP: 35/35 MP: 11/16
   404 | D        | Found an oddly glowing altar of Pakellas.
   404 | D        | Found a stormy altar of Qazlal.
   405 | D        | Found a sacrificial altar of Ru.
   405 | D        | Found a burning altar of Makhleb.
   405 | D        | Found a viscous altar of Jiyva.
   405 | D        | Found a shimmering altar of Xom.
   405 | D        | Found a shadowy altar of Dithmenos.
   405 | D        | Found a sparkling altar of Nemelex Xobeh.
   405 | D        | Found a corrupted altar of Lugonu.
   405 | D        | Found an opulent altar of Gozag.
   405 | D        | Noticed a spatial vortex
   409 | D        | Became a worshipper of Dithmenos the Shadowed
   410 | D        | Killed a spatial vortex
   410 | D        | Reached skill level 1 in Invocations
   435 | D        | Found a radiant altar of Vehumet.
   436 | D        | Found a deep blue altar of Sif Muna.
   436 | D        | Found an ancient bone altar of Kikubaaqudgha.
   439 | D        | Reached * piety under Dithmenos
   459 | D        | Found a glowing silver altar of Zin.
   460 | D        | Found a glowing golden altar of the Shining One.
   460 | D        | Found a white marble altar of Elyvilon.
   460 | D        | Noticed a deep elf mage
   462 | D        | Killed a deep elf mage
   462 | D        | Reached skill level 11 in Stealth
   462 | D        | Reached XP level 7. HP: 40/40 MP: 17/19
   474 | D        | Found an iron altar of Okawaru.
   475 | D        | Found a bloodstained altar of Trog.
   475 | D        | Noticed a human
   475 | D        | Noticed a human
   477 | D        | Killed a human
   477 | D        | Reached skill level 10 in Dodging
   478 | D        | Killed a human
   478 | D        | Reached ** piety under Dithmenos
   478 | D        | Reached XP level 8. HP: 46/46 MP: 18/21
   496 | D        | Found a snail-covered altar of Cheibriados.
   497 | D        | Found a basalt altar of Yredelemnul.
   497 | D        | Found a blossoming altar of Fedhas.
   528 | D        | Reached *** piety under Dithmenos
   528 | D        | Reached skill level 12 in Stealth
   541 | D        | Noticed Erolcha
   543 | D        | Killed Erolcha
   543 | D        | Reached skill level 10 in Spellcasting
   543 | D        | Reached XP level 9. HP: 50/50 MP: 22/24
   544 | D        | Reached skill level 13 in Stealth
   561 | D        | Reached **** piety under Dithmenos
   652 | D        | Noticed a queen bee
   671 | D        | Reached skill level 5 in Fighting
   675 | D        | Reached ***** piety under Dithmenos
   804 | D        | Reached ****** piety under Dithmenos
   965 | D        | Reached skill level 5 in Ice Magic
   972 | D        | Killed a queen bee
   972 | D        | Reached skill level 14 in Stealth
  1127 | D        | Reached XP level 10. HP: 56/56 MP: 17/26
  1129 | D        | Reached skill level 10 in Short Blades
  1308 | D        | Reached skill level 5 in Armour
  1308 | D        | Reached skill level 5 in Evocations
  1347 | D        | Noticed a spiny frog
  1347 | D        | Noticed a spiny frog
  1354 | D        | Killed a spiny frog
  1356 | D        | Killed a spiny frog
  1356 | D        | Reached skill level 5 in Conjurations
  1401 | D        | Reached skill level 15 in Stealth
  1426 | D        | Noticed a lindwurm
  1429 | D        | Killed a lindwurm
  1480 | D        | Noticed Maud
  1482 | D        | Killed Maud
  1482 | D        | Reached XP level 11. HP: 61/61 MP: 28/28
  1486 | D        | Noticed an eight-headed hydra
  1486 | D        | Noticed a five-headed hydra
  1513 | D        | Killed an eight-headed hydra
  1551 | D        | Noticed a death drake
  1553 | D        | Killed a five-headed hydra
  1553 | D        | Reached skill level 16 in Stealth
  1574 | D        | Killed a death drake
  1592 | D        | Found a blossoming altar of Fedhas.
  1592 | D        | Noticed a spriggan druid
  1594 | D        | Killed a spriggan druid
  1594 | D        | Reached skill level 15 in Dodging
  1660 | D        | Found Wyubonlu's Book Emporium.
  1661 | D        | Reached skill level 10 in Hexes
  1664 | D        | Found Yxyr's Antique Armour Shop.
  1665 | D        | Found Optianer's Food Shoppe.
  1834 | D        | Noticed a five-headed hydra
  1834 | D        | Noticed the 27-headed Lernaean hydra
  1836 | D        | Slain by the 27-headed Lernaean hydra

Vault maps used:
D:        dungeon_sprint_mu

Skill      XL: |  1  2  3  4  5  6  7  8  9 10 11 |
---------------+----------------------------------+-----
Spellcasting   | 4 5 6 8 10 11 12 13 | 13.2
Fighting       | 1 2 3 4 5 6 |  6.4
Short Blades   | 2 3 4 5 7 8 9 11 | 11.9
Armour         | 1 2 3 4 5 |  5.9
Dodging        | 4 5 6 7 9 10 11 12 14 15 | 15.1
Stealth        | 5 6 7 8 9 11 12 14 15 16 | 16.4
Hexes          | 4 5 6 7 8 9 10 | 10.0
Ice Magic      | 1 2 3 4 5 6 |  6.3
Conjurations   | 1 3 4 5 |  5.8
Invocations    | 2 3 |  3.0
Evocations     | 2 4 6 7 |  7.4

Action                   |  1- 3 |  4- 6 |  7- 9 | 10-12 || total
-------------------------+-------+-------+-------+-------++-------
Melee: Dagger            |    28 |     6 |    66 |   186 ||   286
       Headbutt          |       |       |     6 |    40 ||    46
 Cast: Corona            |     6 |       |     1 |     1 ||     8
       Ensorcelled Hiber |     2 |     1 |    12 |    14 ||    29
       Dazzling Spray    |       |       |    15 |     2 ||    17
       Confuse           |       |       |     6 |       ||     6
Invok: Shadow Step       |       |       |     1 |     6 ||     7
  Use: Potion            |     4 |       |       |       ||     4
       Scroll            |     3 |       |       |       ||     3
 Stab: Sleeping          |     5 |     6 |    21 |    24 ||    56
       Invisible         |       |       |     3 |     1 ||     4
       Confused          |       |       |     2 |       ||     2
       Distracted        |       |       |     1 |       ||     1
Armor: Robe              |     1 |       |     1 |       ||     2
Dodge: Dodged            |    14 |       |    85 |    14 ||   113
